Map: El Dorado

Players

Dwayne

  • Race: Protoss Protoss
  • League: Bronze
  • Spawn Location: 5:00

wootwoot - Winner!

  • Race: Zerg Zerg
  • League: Bronze
  • Spawn Location: 7:00

VOD

Have the link to the VOD?

Description

Time

  • Played on: April 1, 2025, 2:05 p.m.
  • Length: 2:40
Show
View Real Time Build Order
Export as new Build Order

Dwayne Protoss 

Build Orders: Cannon Rush 

Get SALT Encoding   

  12  0:01  Probe  
  13  0:14  Probe  
  14  0:26  Pylon  
  14  0:45  Pylon  
  14  0:50  Forge  
  14  1:11  Gateway  
  14  1:18  Probe  
  15  1:30  Probe  
  16  1:35  Photon Cannon  
  16  1:41  Photon Cannon  
  16  1:45  Photon Cannon  
  16  2:09  Photon Cannon  
  14  2:27  Probe  
Show
View Real Time Build Order
Export as new Build Order

wootwoot Zerg - Winner!

Build Orders: Pool Only 

Get SALT Encoding   

  12  0:18  Spawning Pool  
  11  0:23  Drone  
  11  0:27  Drone  
  13  0:31  Drone  
  14  0:42  Overlord  
  14  1:05  Zergling x4  
  14  1:06  Zergling x2  
  17  1:17  Zergling x2  
  18  1:29  Zergling x2  
  19  1:39  Zergling x2  
  20  1:48  Zergling x2  
  21  2:16  Zergling x2  
Tags
 
Add a new tag
Caveats
  • Supply blocks, unpowered buildings, or Contaminate may cause inaccurate times.
  • Supply counts are checked every 10 seconds.